TOP OF THE 1ST |
Chicago Gold Sox batting - Pitching for Hartford Whalers : LHP Jesús Cantú
|
Pitching: LHP Jesús Cantú
|
|
Batting: RHB Daniel Lallanilla
|
0-0: Foul Ball, location: 2F 0-1: Ground out 5-3 (Groundball, 56)
|
Batting: LHB Earl Ellis
|
0-0: Ball 1-0: Ball 2-0: Ball 3-0: Called Strike 3-1: Base on Balls
|
Batting: RHB Craig Stewart
|
0-0: Called Strike 0-1: Ball 1-1: Swinging Strike 1-2: Foul Ball, location: 2F 1-2: Strikes out swinging
|
Batting: LHB Noel Ballard
|
0-0: Called Strike 0-1: Ball 1-1: Foul Ball, location: 2F 1-2: SINGLE (Groundball, 6MD) Earl Ellis to second Runner from 2nd tries for 3rd, SAFE, throw made to third
|
Batting: RHB Mike Brown
|
0-0: Called Strike 0-1: Called Strike 0-2: Foul Ball, location: 2F 0-2: Fly out, F5 (Popup, 5F)
|
Top of the 1st over - 0 run(s), 1 hit(s), 0 error(s), 2 left on base; Chicago 0 - Hartford 0 |
BOTTOM OF THE 1ST |
Hartford Whalers batting - Pitching for Chicago Gold Sox : LHP Wayne Craig
|
Pitching: LHP Wayne Craig
|
|
Batting: RHB Roberto Ramírez
|
0-0: Called Strike 0-1: Ball 1-1: Swinging Strike 1-2: Strikes out swinging wild pitch, reaches first!
|
Batting: RHB Félix Rodríguez
|
0-0: Ball 1-0: Foul Ball, location: 2F 1-1: Ball 2-1: SINGLE (Groundball, 6MD) Roberto Ramírez to second Roberto Ramírez to third
|
Batting: RHB Tyrone Scott
|
0-0: Ball 1-0: Swinging Strike 1-1: Ball 2-1: Called Strike 2-2: Ball 3-2: SINGLE (Flyball, 9S) Roberto Ramírez scores Félix Rodríguez to second Runner from 2nd tries for 3rd, OUT! Tyrone Scott to second
|
Batting: SHB Robert Shelby
|
0-0: Ball 1-0: Foul Ball, location: 2F 1-1: SINGLE (Flyball, 89S) Tyrone Scott to third Runner from 3rd tries for Home, SAFE, no throw or cutoff
|
Batting: LHB César Durán
|
0-0: Ball 1-0: Called Strike 1-1: Ball 2-1: Swinging Strike 2-2: Strikes out swinging
|
Batting: LHB Leonardo López
|
0-0: Ball 1-0: Fielders Choice at 2nd, 6-4 (Groundball, 6)
|
Bottom of the 1st over - 2 run(s), 3 hit(s), 0 error(s), 0 left on base; Chicago 0 - Hartford 2 |
TOP OF THE 2ND |
Chicago Gold Sox batting - Pitching for Hartford Whalers : LHP Jesús Cantú
|
Batting: RHB John Farrell
|
0-0: Called Strike 0-1: Foul Ball, location: 2F 0-2: Ball 1-2: Foul Ball, location: 2F 1-2: DOUBLE (Flyball, 78XD)
|
Batting: RHB Juan Orozco
|
0-0: Swinging Strike 0-1: Fly out, F2 (Popup, 23F)
|
Batting: LHB Chris Hill
|
0-0: Ball 1-0: Called Strike John Farrell steals 3rd base 1-1: Ball 2-1: Called Strike 2-2: SINGLE (Groundball, 4MD) John Farrell scores
|
Batting: LHB Wayne Craig
|
0-0: Called Strike 0-1: Called Strike 0-2: Sac Bunt - play at first, batter OUT! 5-4 Chris Hill to second
|
Batting: RHB Daniel Lallanilla
|
0-0: Called Strike 0-1: Foul Ball, location: 2F 0-2: Foul Ball, location: 2F 0-2: Ball 1-2: Ball 2-2: Ground out 6-3 (Groundball, 56)
|
Top of the 2nd over - 1 run(s), 2 hit(s), 0 error(s), 1 left on base; Chicago 1 - Hartford 2 |
BOTTOM OF THE 2ND |
Hartford Whalers batting - Pitching for Chicago Gold Sox : LHP Wayne Craig
|
Batting: RHB Dave Farr
|
0-0: Called Strike 0-1: Foul Ball, location: 2F 0-2: Ball 1-2: Foul Ball, location: 2F 1-2: Ball 2-2: Strikes out looking
|
Batting: RHB Dave O'Day
|
0-0: Called Strike 0-1: Ball 1-1: Ball 2-1: Ball 3-1: Base on Balls
|
Batting: LHB Jesús Cantú
|
0-0: Ball 1-0: Fly out, F8 (Flyball, 8LM)
|
Batting: RHB Roberto Ramírez
|
0-0: Ball 1-0: Called Strike 1-1: Ball 2-1: Swinging Strike 2-2: Fly out, F6 (Popup, 6M)
|
Bottom of the 2nd over - 0 run(s), 0 hit(s), 0 error(s), 1 left on base; Chicago 1 - Hartford 2 |
TOP OF THE 3RD |
Chicago Gold Sox batting - Pitching for Hartford Whalers : LHP Jesús Cantú
|
Batting: LHB Earl Ellis
|
0-0: Called Strike 0-1: Called Strike 0-2: Ball 1-2: Ball 2-2: Ball 3-2: Ground out 1-3 (Groundball, 13S)
|
Batting: RHB Craig Stewart
|
0-0: Ball 1-0: Ball 2-0: Ball 3-0: Called Strike 3-1: Base on Balls
|
Batting: LHB Noel Ballard
|
0-0: Ball 1-0: Ball 2-0: Ball 3-0: Base on Balls Craig Stewart to second
|
Batting: RHB Mike Brown
|
0-0: Ball 1-0: Foul Ball, location: 2F 1-1: Ball 2-1: Foul Ball, location: 2F 2-2: SINGLE (Groundball, 5D) Craig Stewart to third Noel Ballard to second
|
Batting: RHB John Farrell
|
0-0: Ball 1-0: Called Strike 1-1: Swinging Strike 1-2: Strikes out swinging
|
Batting: RHB Juan Orozco
|
0-0: Ball 1-0: DOUBLE (Line Drive, 9LM) Craig Stewart scores Noel Ballard scores Mike Brown to third Runner from 3rd tries for Home, SAFE, no throw or cutoff
|
Batting: LHB Chris Hill
|
0-0: Intentional Walk
|
Batting: LHB Wayne Craig
|
0-0: Swinging Strike 0-1: Ball 1-1: Called Strike 1-2: Foul Ball, location: 2F 1-2: Strikes out swinging
|
Top of the 3rd over - 3 run(s), 2 hit(s), 0 error(s), 2 left on base; Chicago 4 - Hartford 2 |
BOTTOM OF THE 3RD |
Hartford Whalers batting - Pitching for Chicago Gold Sox : LHP Wayne Craig
|
Batting: RHB Félix Rodríguez
|
0-0: Called Strike 0-1: Swinging Strike 0-2: Ground out U3 (Groundball, 3)
|
Batting: RHB Tyrone Scott
|
0-0: Fly out, F9 (Flyball, 89M)
|
Batting: SHB Robert Shelby
|
0-0: Called Strike 0-1: Ball 1-1: Called Strike 1-2: Strikes out swinging
|
Bottom of the 3rd over - 0 run(s), 0 hit(s), 0 error(s), 0 left on base; Chicago 4 - Hartford 2 |
TOP OF THE 4TH |
Chicago Gold Sox batting - Pitching for Hartford Whalers : LHP Jesús Cantú
|
Batting: RHB Daniel Lallanilla
|
0-0: Ball 1-0: Foul Ball, location: 2F 1-1: Called Strike 1-2: Strikes out swinging
|
Batting: LHB Earl Ellis
|
0-0: Called Strike 0-1: Ball 1-1: Ball 2-1: Ball 3-1: Base on Balls
|
Batting: RHB Craig Stewart
|
0-0: Ball 1-0: Swinging Strike 1-1: Ball 2-1: Ball 3-1: Swinging Strike 3-2: Strikes out looking
|
Batting: LHB Noel Ballard
|
0-0: Ball 1-0: Ball 2-0: Ball 3-0: Called Strike 3-1: Base on Balls Earl Ellis to second
|
Batting: RHB Mike Brown
|
0-0: Foul Ball, location: 2F 0-1: Ball 1-1: Ball 2-1: Called Strike 2-2: Ball 3-2: Base on Balls Earl Ellis to third Noel Ballard to second
|
Batting: RHB John Farrell
|
0-0: Ball 1-0: Foul Ball, location: 2F 1-1: Fly out, F8 (Flyball, 8RM)
|
Top of the 4th over - 0 run(s), 0 hit(s), 0 error(s), 3 left on base; Chicago 4 - Hartford 2 |
BOTTOM OF THE 4TH |
Hartford Whalers batting - Pitching for Chicago Gold Sox : LHP Wayne Craig
|
Batting: LHB César Durán
|
0-0: Ball 1-0: SINGLE (Groundball, 4M)
|
Batting: LHB Leonardo López
|
0-0: Swinging Strike 0-1: SINGLE (Line Drive, 4) César Durán to second Runner from 2nd tries for 3rd, SAFE, throw made to third
|
Batting: RHB Dave Farr
|
0-0: Ball 1-0: Foul Ball, location: 2F 1-1: Ground out 5-3 (Groundball, 15S) César Durán scores Leonardo López to second
|
Batting: RHB Dave O'Day
|
0-0: Ball 1-0: Called Strike 1-1: Swinging Strike 1-2: Ball 2-2: Ball 3-2: Fly out, F4 (Popup, 34D)
|
Batting: LHB Jesús Cantú
|
0-0: Ball 1-0: Ball 2-0: Called Strike 2-1: Swinging Strike 2-2: Strikes out looking
|
Bottom of the 4th over - 1 run(s), 2 hit(s), 0 error(s), 1 left on base; Chicago 4 - Hartford 3 |
TOP OF THE 5TH |
Chicago Gold Sox batting - Pitching for Hartford Whalers : LHP Jesús Cantú
|
Batting: RHB Juan Orozco
|
0-0: Foul Ball, location: 2F 0-1: Swinging Strike 0-2: Ball 1-2: Foul Ball, location: 2F 1-2: Foul Ball, location: 2F 1-2: Ball 2-2: Foul Ball, location: 2F 2-2: SINGLE (Groundball, 56D)
|
Batting: LHB Chris Hill
|
0-0: Fielders Choice at 2nd, 1-6 (Groundball, 23)
|
Batting: LHB Wayne Craig
|
0-0: Sac Bunt - play at second, runner OUT! 1-6
|
Batting: RHB Daniel Lallanilla
|
0-0: Ball 1-0: SINGLE (Flyball, 8LS) Wayne Craig to second
|
Pitching: RHP Juan Hernández
|
|
Batting: LHB Earl Ellis
|
0-0: Ball 1-0: Foul Ball, location: 2F 1-1: Called Strike 1-2: Foul Ball, location: 2F 1-2: Fly out, F8 (Flyball, 8RM)
|
Top of the 5th over - 0 run(s), 2 hit(s), 0 error(s), 2 left on base; Chicago 4 - Hartford 3 |
BOTTOM OF THE 5TH |
Hartford Whalers batting - Pitching for Chicago Gold Sox : LHP Wayne Craig
|
Batting: RHB Roberto Ramírez
|
0-0: Ball 1-0: Ground out 6-3 (Groundball, 6)
|
Batting: RHB Félix Rodríguez
|
0-0: Ball 1-0: Called Strike 1-1: Foul Ball, location: 2F 1-2: Ball 2-2: Ball 3-2: Fly out, F8 (Flyball, 8RXD)
|
Batting: RHB Tyrone Scott
|
0-0: Ball 1-0: Called Strike 1-1: DOUBLE (Line Drive, 8LM)
|
Batting: SHB Robert Shelby
|
0-0: Ball 1-0: Ball 2-0: Hit by Pitch
|
Batting: LHB César Durán
|
0-0: Ball 1-0: Ground out 3-1 (Groundball, 3)
|
Bottom of the 5th over - 0 run(s), 1 hit(s), 0 error(s), 2 left on base; Chicago 4 - Hartford 3 |
TOP OF THE 6TH |
Chicago Gold Sox batting - Pitching for Hartford Whalers : RHP Juan Hernández
|
Batting: RHB Craig Stewart
|
0-0: Hit by Pitch
|
Batting: LHB Noel Ballard
|
0-0: Ball 1-0: Ball 2-0: Ball 3-0: Base on Balls Craig Stewart to second
|
Batting: RHB Mike Brown
|
0-0: Called Strike 0-1: Ball 1-1: Foul Ball, location: 2F 1-2: SINGLE (Groundball, 56) (infield hit) Craig Stewart to third Noel Ballard to second
|
Batting: RHB John Farrell
|
0-0: Ball 1-0: Fly out, F7 (Line Drive, 8LS) Runner from 3rd tags up, SCORES, no throw
|
Batting: RHB Juan Orozco
|
0-0: Ball Wild Pitch! Noel Ballard to third Mike Brown to second 1-0: Intentional Walk
|
Batting: LHB Chris Hill
|
0-0: Ball 1-0: TRIPLE (Flyball, 9D) Noel Ballard scores Mike Brown scores Juan Orozco scores
|
Batting: LHB Wayne Craig
|
0-0: Ground out 6-3 (Groundball, 6M) Chris Hill scores
|
Batting: RHB Daniel Lallanilla
|
0-0: Called Strike 0-1: Ball 1-1: Fly out, F7 (Flyball, 7S)
|
Top of the 6th over - 5 run(s), 2 hit(s), 0 error(s), 0 left on base; Chicago 9 - Hartford 3 |
BOTTOM OF THE 6TH |
Hartford Whalers batting - Pitching for Chicago Gold Sox : LHP Wayne Craig
|
Batting: LHB Leonardo López
|
0-0: Ground out 4-3 (Groundball, 4)
|
Batting: RHB Dave Farr
|
0-0: Foul Ball, location: 2F 0-1: Called Strike 0-2: Strikes out looking
|
Batting: RHB Dave O'Day
|
0-0: Ball 1-0: Swinging Strike 1-1: Ball 2-1: Swinging Strike 2-2: Strikes out swinging
|
Bottom of the 6th over - 0 run(s), 0 hit(s), 0 error(s), 0 left on base; Chicago 9 - Hartford 3 |
TOP OF THE 7TH |
Chicago Gold Sox batting - Pitching for Hartford Whalers : RHP Juan Hernández
|
Batting: LHB Earl Ellis
|
0-0: Swinging Strike 0-1: Foul Ball, location: 2F 0-2: Ball 1-2: Ball 2-2: Ball 3-2: Base on Balls
|
Pitching: RHP Iván Cordero
|
|
Batting: RHB Craig Stewart
|
0-0: Ball 1-0: Foul Ball, location: 2F 1-1: Ball 2-1: DOUBLE (Line Drive, 7D) Earl Ellis to third
|
Batting: LHB Noel Ballard
|
0-0: Ball 1-0: Ball 2-0: Fly out, F2 (Popup, 2RF)
|
Batting: RHB Mike Brown
|
0-0: Ball 1-0: Swinging Strike 1-1: Swinging Strike 1-2: Reached on error, E6 (Groundball, 6) Earl Ellis scores Craig Stewart scores
|
Pitching: RHP Kelly Hampton
|
|
Batting: RHB John Farrell
|
0-0: Ball 1-0: Called Strike 1-1: Ball 2-1: Fly out, F8 (Flyball, 8LM)
|
Batting: RHB Juan Orozco
|
0-0: SINGLE (Flyball, 8RS) Mike Brown to third Runner from 3rd tries for Home, throw and OUT!
|
Top of the 7th over - 2 run(s), 2 hit(s), 1 error(s), 1 left on base; Chicago 11 - Hartford 3 |
BOTTOM OF THE 7TH |
Hartford Whalers batting - Pitching for Chicago Gold Sox : LHP Wayne Craig
|
Batting: RHB Kelly Hampton
|
0-0: Foul Ball, location: 2F 0-1: Called Strike 0-2: Strikes out swinging
|
Batting: RHB Roberto Ramírez
|
0-0: Ball 1-0: Ball 2-0: Called Strike 2-1: Foul Ball, location: 2F 2-2: Strikes out swinging
|
Batting: RHB Félix Rodríguez
|
0-0: Ground out 6-3 (Groundball, 6M)
|
Bottom of the 7th over - 0 run(s), 0 hit(s), 0 error(s), 0 left on base; Chicago 11 - Hartford 3 |
TOP OF THE 8TH |
Chicago Gold Sox batting - Pitching for Hartford Whalers : RHP Kelly Hampton
|
Batting: LHB Chris Hill
|
0-0: Called Strike 0-1: Ball 1-1: Ball 2-1: Called Strike 2-2: Ground out 6-3 (Groundball, 6)
|
Pitching: RHP Esteban Arroyo
|
|
Pinch Hitting: LHB Norm Ortega
|
0-0: Ball 1-0: Ball 2-0: Ball 3-0: Base on Balls
|
Batting: RHB Daniel Lallanilla
|
0-0: Ball 1-0: Swinging Strike 1-1: Called Strike 1-2: Ball 2-2: Strikes out swinging
|
Batting: LHB Earl Ellis
|
0-0: Ball 1-0: Called Strike 1-1: Ball 2-1: Foul Ball, location: 2F 2-2: Strikes out swinging
|
Top of the 8th over - 0 run(s), 0 hit(s), 0 error(s), 1 left on base; Chicago 11 - Hartford 3 |
BOTTOM OF THE 8TH |
Hartford Whalers batting - Pitching for Chicago Gold Sox : LHP Wayne Craig
|
Pitching: RHP Justin Reynolds
|
|
Batting: RHB Tyrone Scott
|
0-0: Called Strike 0-1: Ball 1-1: Swinging Strike 1-2: Strikes out swinging
|
Batting: SHB Robert Shelby
|
0-0: Ball 1-0: Hit by Pitch
|
Batting: LHB César Durán
|
0-0: Called Strike 0-1: Foul Ball, location: 2F 0-2: Ball 1-2: Strikes out looking
|
Batting: LHB Leonardo López
|
0-0: Ball 1-0: Foul Ball, location: 2F 1-1: Foul Ball, location: 2F 1-2: Foul Ball, location: 2F 1-2: Ball 2-2: Ball 3-2: Ground out 4-3 (Groundball, 4)
|
Bottom of the 8th over - 0 run(s), 0 hit(s), 0 error(s), 1 left on base; Chicago 11 - Hartford 3 |
TOP OF THE 9TH |
Chicago Gold Sox batting - Pitching for Hartford Whalers : RHP Esteban Arroyo
|
Batting: RHB Craig Stewart
|
0-0: Foul Ball, location: 2F 0-1: Foul Ball, location: 2F 0-2: Ball 1-2: Ball 2-2: Strikes out looking
|
Batting: LHB Noel Ballard
|
0-0: Ball 1-0: DOUBLE (Line Drive, 8LM)
|
Batting: RHB Mike Brown
|
0-0: Ball 1-0: Ball Noel Ballard steals 3rd base 2-0: Ball 3-0: Called Strike 3-1: Base on Balls
|
Pitching: LHP Tony Cherena
|
|
Batting: RHB John Farrell
|
0-0: Called Strike 0-1: Called Strike 0-2: Strikes out swinging
|
Batting: RHB Juan Orozco
|
0-0: Called Strike 0-1: Foul Ball, location: 2F 0-2: Strikes out swinging
|
Top of the 9th over - 0 run(s), 1 hit(s), 0 error(s), 2 left on base; Chicago 11 - Hartford 3 |
BOTTOM OF THE 9TH |
Hartford Whalers batting - Pitching for Chicago Gold Sox : RHP Justin Reynolds
|
Batting: RHB Dave Farr
|
0-0: Ball 1-0: Foul Ball, location: 2F 1-1: Foul Ball, location: 2F 1-2: Ball 2-2: Foul Ball, location: 2F 2-2: Foul Ball, location: 2F 2-2: Ball 3-2: Fly out, F5 (Popup, 56S)
|
Batting: RHB Dave O'Day
|
0-0: Foul Ball, location: 2F 0-1: Foul Ball, location: 2F 0-2: Foul Ball, location: 2F 0-2: Strikes out swinging
|
Batting: LHB Tony Cherena
|
0-0: Foul Ball, location: 2F 0-1: Called Strike 0-2: Strikes out swinging
|
Bottom of the 9th over - 0 run(s), 0 hit(s), 0 error(s), 0 left on base; Chicago 11 - Hartford 3 |
|